 Dungeon Crawl Stone Soup version 0.30-a0-50-gb2d611f6b1 (webtiles) character file.

Game seed: 5227208268132737503

53 ytrimaz the Insei (level 3, -1/23 HPs)
             Began as an Octopode Transmuter on Sept 4, 2022.
             Killed from afar by a dart slug (5 damage)
             ... with a slug dart
             ... on level 2 of the Dungeon.
             The game lasted 00:01:50 (1439 turns).

ytrimaz the Insei (Octopode Transmuter)             Turns: 1439, Time: 00:01:50

Health: -1/23      AC:  1    Str: 15    XL:     3   Next: 87%
Magic:  3/6        EV: 13    Int: 17    God:
Gold:   55         SH:  0    Dex: 12    Spells: 0/6 levels left

rFire   . . .      SeeInvis .      - Unarmed
rCold   . . .      Faith    .    (no shield)
rNeg    . . .      Spirit   .    (helmet restricted)
rPois   .          Reflect  .    (no amulet)
rElec   .          Harm     .    e - +6 ring of strength
rCorr   .          Rampage  .    f - ring of willpower
Will    +....                    (no ring)
Stlth   ++........               (no ring)
HPRegen 0.07/turn                (no ring)
MPRegen 0.10/turn                (no ring)
                                 (no ring)
                                 (no ring)

@: very slightly contaminated
A: almost no armour, amphibious, 8 rings, camouflage 1, gelatinous body 1,
(nimble swimmer 1), tentacles
a: no special abilities


You were on level 2 of the Dungeon.
You visited 1 branch of the dungeon, and saw 2 of its levels.

You collected 55 gold pieces.


Innate Abilities, Weirdness & Mutations

You cannot wear most types of armour.
You are amphibious.
You can wear up to eight rings at the same time.
Your skin changes colour to match your surroundings (Stealth+).
Your rubbery body absorbs attacks. (AC +1, EV +1)
((You are camouflaged when in or above water. (Stealth+)))
You have tentacles for arms and can constrict up to eight enemies at once.


   Skills:
 - Level 1.0 Fighting
 - Level 2.0 Dodging
 - Level 4.4 Unarmed Combat
 + Level 2.0 Spellcasting
 + Level 2.0 Transmutations
 * Level 0.8 Poison Magic


You couldn't memorise any spells.
You knew the following spells:

 Your Spells              Type           Power      Damage    Failure   Level
a - Beastly Appendage     Tmut           16%        N/A       9%          1
b - Wereblood             Tmut           8%         N/A       12%         2
c - Spider Form           Tmut/Pois      6%         N/A       32%         3

Your spell library contained the following spells:

 Spells                   Type           Power      Damage    Failure   Level
 Ice Form                 Ice/Tmut       5%         N/A       77%         4

Inventory:

Missiles
 g - 24 stones {throwing}
Jewellery
 e - a +6 ring of strength (left tentacle)
   (You found it on level 1 of the Dungeon)
 f - a ring of willpower (right tentacle)
   (You found it on level 1 of the Dungeon)
Wands
 c - a wand of paralysis (3)
   (You found it on level 2 of the Dungeon)
Scrolls
 b - a scroll of teleportation {@r4}
 i - a scroll of butterflies
Potions
 a - 2 potions of lignification {!q}
 d - a potion of haste {unknown}
 h - a potion of berserk rage {unknown}
 j - a potion of heal wounds {unknown}

Dungeon Overview and Level Annotations

Branches:
Dungeon (2/15) Zot: 10564

Altars:

. #.#..#..#.##........
?..#...##.##.##........
..........##)##|.......
...###........)........
...........##.##........
....###..#..#.##........
#......................#
...####.#####.##.#######
...#####@# #.##....#
.......w.# #..#....#
........## #..#....#
..w.....# #..#.>..#
........# #........
......... .. .......
......... .....###
......... ..........


You could see a worm (asleep) and a dart slug.


Message History

You squeeze the adder!
You kill the adder!
You feel sick.
The bat hits you but does no damage. 😮 HP[-1]
You take 1 damage, and now have 16/23 hp.
You feel sick. The bat closely misses you.
Things that are here:
a +2 spear of flaming {polearm}; an adder corpse 😮 HP[-1]
You take 1 damage, and now have 15/23 hp.
Unknown command.
You feel sick. The bat closely misses you. 😮 HP[-1]
You take 1 damage, and now have 14/23 hp.
You barely miss the bat. Your grab misses the bat.
You pierce the bat.
You kill the bat!
You feel sick.
You are no longer poisoned.
You see here a bat corpse.
You are too injured to fight recklessly!
You are too injured to fight recklessly!
Okay, then.
Unknown command.
You drop a staff of cold {!astaff}.
You drop a staff of poison {!astaff}.
Unknown command.
Memorise Wereblood, consuming 2 spell levels and leaving 3?
You start memorising the spell.
You continue memorising. x2
You finish memorising.
Spell assigned to 'b'. 😮 MP[+1]
Your mp is fully restored (6).
This spell is extremely dangerous to cast!
Memorise Spider Form, consuming 3 spell levels and leaving 0?
Your transformation is almost over.
You start memorising the spell.
You continue memorising. x3
You finish memorising.
Spell assigned to 'c'.
Your tentacle spike disappears.
Key pressed, stopping explore. 😕 HP[+7]
You regained 7 hp, and now have 21/23 hp.
g - 24 stones {throwing} (gained 9)
Found an escape hatch in the floor. 😎 HP[+2]
Your hp is fully restored (23).
A ball python comes into view.
Unknown command.
A ball python is nearby!
A ball python is nearby!
A ball python is nearby!
Unknown command.
The ball python hisses angrily.
The ball python bites you. The ball python closely misses you.
The ball python bites you.
The ball python closely misses you. 😕 HP[-4]
You take 4 damage, and now have 19/23 hp.
You barely miss the ball python. You grab the ball python.
You constrict the ball python. The ball python barely misses you.
The ball python misses you.
You completely miss the ball python. You constrict the ball python.
You kill the ball python!
No target in view!
A dart slug and a worm come into view.
There are monsters nearby!
Unknown command.
There are monsters nearby!
Casting: Beastly Appendage (safe; 9% risk of failure)
Confirm with . or Enter, or press ? or * to list all spells.
The spell is extremely dangerous to miscast (32% risk of failure)!
Continue anyway?
You miscast Spider Form.
You are very lightly contaminated with residual magic.
You feel rather nauseous for a moment!
You are poisoned.
* * * LOW HITPOINT WARNING * * *
You feel sick. 😨 HP[-10] MP[-3]
You take 10 damage, and now have 9/23 hp.
MASSIVE DAMAGE!! (PAUSE)
You lost 3 mp, and now have 3/6 mp.
You feel sick.
You feel sick. 😨 HP[-1]
You take 1 damage, and now have 8/23 hp.
You feel sick. 😨 HP[-1]
You take 1 damage, and now have 7/23 hp.
You feel sick.
You are no longer poisoned. 😨 HP[-1]
You take 1 damage, and now have 6/23 hp.
The dart slug launches a dart at you. The slug dart hits you.
* * * LOW HITPOINT WARNING * * *
😱 HP[-2]
You take 2 damage, and now have 4/23 hp.
You tentacle-slap the dart slug but do no damage.
Your grab misses the dart slug. You squeeze the dart slug.
The dart slug launches a dart at you. The slug dart hits you.
You die...

Skill      XL: |  1  2 |
---------------+-------+-----
Unarmed Combat | 4 |  4.4
Fighting       | |  1.0
Dodging        | |  2.0
Spellcasting   | |  2.0
Transmutations | |  2.0
Poison Magic   | |  0.8

Action                   || total
-------------------------++-------
Melee: Unarmed           ||    49
       Constrict         ||    15
       Tentacles         ||    10
       Kick              ||     9
       Punch             ||     1
 Cast: Beastly Appendage ||    10
  Use: Scroll            ||     2
 Stab: Sleeping          ||     6
Armor: Skin              ||     3
Dodge: Dodged            ||    39

Levels and vault maps discovered:
D:1:      giann_forest_graveyard, layout_loops_ring,
          chequers_serial_rivers_small_b
D:2:      layout_rooms

Notes
Turn   | Place    | Note
-------+----------+-------------------------------------------
     0 | D:1      | ytrimaz the Octopode Transmuter began the quest for the
                  | Orb.
     0 | D:1      | Reached XP level 1. HP: 13/13 MP: 3/3
     0 | D:1      | magus.rc [v1.9.6]
   362 | D:1      | Reached XP level 2. HP: 15/18 MP: 3/5
   605 | D:1      | Reached skill level 4 in Unarmed Combat
   798 | D:1      | Reached XP level 3. HP: 12/23 MP: 4/6
  1283 | D:2      | Learned a level 2 spell: Wereblood
  1287 | D:2      | Learned a level 3 spell: Spider Form
  1438 | D:2      | HP: 4/23 [dart slug/slug dart (2)]
  1439 | D:2      | Killed from afar by a dart slug

Vanquished Creatures
  An adder (D:2)
  7 dart slugs
  2 ball pythons
  4 bats
  3 endoplasms (D:1)
  A giant cockroach (D:2)
  4 goblins
  2 kobolds (D:1)
  4 frilled lizards
  3 rats (D:1)
31 creatures vanquished.

Table legend:
 A = Non-vault XP
 B = Vault XP
 C = Vault XP percentage of total XP
 D = Non-vault monster count
 E = Vault monster count
 F = Vault count percentage of total count
                 A         B        C        D         E       F
            +---------+---------+-------+---------+---------+-------
      Total |      76 |       0 |   0.0 |      31 |       0 |   0.0
            +---------+---------+-------+---------+---------+-------
        D:1 |      43 |       0 |   0.0 |      21 |       0 |   0.0
        D:2 |      33 |       0 |   0.0 |      10 |       0 |   0.0
            +---------+---------+-------+---------+---------+-------

Illustrated notes

Table legend:
 A = Kills in this place as a percentage of kills in entire the game.
 B = Kills by you in this place as a percentage of kills by you in the entire game.
 C = Kills by friends in this place as a percentage of kills by friends in the entire game.
 D = Other kills in this place as a percentage of other kills in the entire game.
 E = Experience gained in this place as a percentage of experience gained in the entire game.
 F = Experience gained in this place divided by the number of levels of this place that you have seen.
                   A       B       C       D       E      F
               +-------+-------+-------+-------+-------+----------------------
         Total | 100.0 | 100.0 |   N/A |   N/A | 100.0 |  38.0
       Dungeon | 100.0 | 100.0 |   N/A |   N/A | 100.0 |  38.0
               +-------+-------+-------+-------+-------+----------------------

Table legend: (Time is in decaauts)
 A = Elapsed time spent in this place.
 B = Non-inter-level travel time spent in this place.
 C = Inter-level travel time spent in this place.
 D = Time resting spent in this place.
 E = Time spent auto-exploring this place.
 F = Levels seen in this place.
 G = Mean time per level.
                   A        B        C        D        E       F      G
               +--------+--------+--------+--------+--------+-----+--------+
         Total |   1434 |   1412 |     22 |      0 |   1194 |   2 |  717.0 |
       Dungeon |   1434 |   1412 |     22 |      0 |   1194 |   2 |  717.0 |
               +--------+--------+--------+--------+--------+-----+--------+

Top non-repeatable levels by time:
     D:1: 1051 daAuts
     D:2: 383 daAuts
